AoeStats
← JuryParty6413

Arabia

510136949Analyzed
1v1 RM · 3d ago on Sep 29, 2026· 49m 35s· 2 players
Game mode
Random Map
Map size
Tiny (2 player)
Population
200
Speed
Normal
Resources
Standard
Victory
Conquest
Starting age
Dark Age
Ending age
Imperial Age
RankedLock teamsTeams togetherTeam positionsShared explorationLock speedFull tech treeHidden civsTurbo modeCheats
Victory
Defeat
🇮🇳 Vietnamese · India
1178
+17
🇦🇷 Bengalis · Argentina
1209
-17
JuryParty6413
5:41 Loom
8:52 Feudal Age
15:14 Fletching
20:42 Castle Age
20:18 Double-Bit Axe
21:52 Bow Saw
24:05 Horse Collar
24:19 Gold Mining
25:06 Heavy Plow
25:21 Padded Archer Armor
26:33 Wheelbarrow
26:38 Bloodlines
26:45 Thumb Ring
28:28 Bodkin Arrow
29:09 Husbandry
29:50 Stone Mining
31:13 Ballistics
31:56 Hand Cart
39:08 Imperial Age
37:48 Leather Archer Armor
40:05 Stone Shaft Mining
39:38 Heavy Cavalry Archer
44:14 Bracer
49:25 Two-Man Saw
felix1997
6:32 Loom
9:18 Feudal Age
10:15 Double-Bit Axe
17:57 Castle Age
17:18 Horse Collar
25:11 Bow Saw
25:09 Heavy Plow
28:08 Wheelbarrow
30:05 Hand Cart
33:42 Imperial Age
31:27 Scale Barding Armor
31:34 Forging
32:33 Chain Barding Armor
33:43 Iron Casting
33:16 Fletching
33:52 Light Cavalry
35:24 Bloodlines
35:16 Husbandry
35:56 Plate Barding Armor
36:27 Conscription
39:05 Two-Man Saw
39:09 Plate Barding Armor
39:34 Blast Furnace
40:35 Crop Rotation
49:00 Elite Skirmisher
Connection lost

Rejoining the realm…

Still unreachable

The connection could not be restored.

Session expired

The server has moved on; the page needs a fresh start.